AoeStats
← ecerva.27

Nomad

510333494Analyzed
2v2 RM · 1d ago on Sep 30, 2026· 45m 19s· 4 players
Game mode
Random Map
Map size
176×176
Population
200
Speed
Normal
Resources
Standard
Victory
Conquest
Starting age
Dark Age
Ending age
Imperial Age
RankedLock teamsTeams togetherTeam positionsShared explorationLock speedFull tech treeHidden civsTurbo modeCheats
Victory
Defeat
🇲🇽 Maya · Mexico
1235
+13
🇨🇳 Persians · China
1229
+13
🇨🇳 Huns · China
1204
-14
🇨🇳 Franks · China
1135
-12
ecerva.27
4:34 Loom
12:34 Feudal Age
16:21 Fletching
21:19 Wheelbarrow
24:08 Castle Age
25:32 Crossbowman
26:18 Thumb Ring
32:51 Bodkin Arrow
32:57 Padded Archer Armor
35:32 Ballistics
YUZ
5:03 Loom
13:38 Feudal Age
21:27 Castle Age
19:37 Gold Mining
20:22 Horse Collar
21:35 Double-Bit Axe
31:58 Wheelbarrow
32:18 Heavy Plow
35:40 Imperial Age
33:39 Bloodlines
33:29 Husbandry
33:39 Scale Barding Armor
35:28 Hand Cart
35:38 Chain Barding Armor
35:28 Forging
36:00 Husbandry
35:54 Cavalier
37:47 Fishing Lines
38:07 Savar
39:37 Conscription
39:57 Plate Barding Armor
39:58 Iron Casting
40:08 Bow Saw
40:40 Gold Shaft Mining
40:04 Stone Mining
43:29 Iron Casting
Sky
4:06 Loom
15:12 Feudal Age
16:57 Fishing Lines
Martin
4:07 Loom
14:04 Feudal Age
14:34 Double-Bit Axe
22:29 Castle Age
21:44 Forging
23:50 Scale Barding Armor
28:23 Scale Mail Armor
30:08 Pikeman
30:49 Squires
30:35 Gambesons
34:21 Gambesons
35:14 Stone Mining
36:58 Husbandry
37:48 Ballistics
37:09 Treadmill Crane
37:25 Murder Holes
38:20 Elite Skirmisher
Connection lost

Rejoining the realm…

Still unreachable

The connection could not be restored.

Session expired

The server has moved on; the page needs a fresh start.